 Dungeon Crawl Stone Soup version 0.19.1-28-ge1247f7 (webtiles) character file.

12877 Mesmaeker13 the Spear-Bearer (level 12, -1/102 HPs)
             Began as a Merfolk Gladiator on Jan 21, 2017.
             Was a Believer of Ashenzari.
             Killed from afar by a raiju (6 damage)
             ... with a living lightning
             ... on level 1 of the Abyss.
             The game lasted 00:35:38 (17076 turns).

Mesmaeker13 the Spear-Bearer (Merfolk Gladiator)   Turns: 17076, Time: 00:35:39

Health: -1/102     AC: 19    Str: 18    XL:     12   Next: 0%
Magic:  12/12      EV:  9    Int: 11    God:    Ashenzari [**....]
Gold:   526        SH: 10    Dex: 15    Spells: 0 memorised, 11 levels left

rFire  + + .     SeeInvis .     a - +2 trident
rCold  . . .     Gourm    .     G - +3 plate armour {rF+}
rNeg   . . .     Faith    .     k - +0 buckler (curse)
rPois  .         Spirit   .     c - +0 helmet (curse)
rElec  .         Reflect  +     (no cloak)
rCorr  +         Harm     .     (no gloves)
MR     .....                    i - +0 pair of boots (curse)
Stlth  ..........               v - amulet of the Harvest {Reflect rF+ SH+4} (curse)
                                F - ring of resist corrosion
                                e - +2 ring of intelligence

@: no status effects
A: change form in water, swift swim, stealthy swim
a: Curse Item, Scrying, Renounce Religion


You were on level 1 of the Abyss.
You worshipped Ashenzari.
Ashenzari was pleased with you.
You were not hungry.

You visited 2 branches of the dungeon, and saw 12 of its levels.
You visited the Abyss 1 time.
You also visited: Bailey.

You collected 526 gold pieces.

Inventory:

Hand Weapons
 a - a +2 trident (weapon)
 L - a +0 blowgun
Missiles
 j - 77 poisoned needles
 r - 2 needles of sleeping
Armour
 c - a cursed +0 helmet (worn)
 i - a cursed +0 pair of boots (worn)
 k - a cursed +0 buckler (worn)
 o - a +2 leather armour of poison resistance
 D - a +0 chain mail
 G - a +3 plate armour of fire resistance (worn)
Jewellery
 e - a +2 ring of intelligence (left hand)
 v - the cursed amulet of the Harvest (around neck) {Reflect rF+ SH+4}
   (You took it off an orc on level 4 of the Dungeon)

   [amulet of reflection]

   It shields you and reflects attacks.
   It protects you from fire.
   It affects your SH (+4).
   It has a curse placed upon it.
 E - a +4 ring of intelligence
 F - a ring of resist corrosion (right hand)
Wands
 w - a wand of disintegration (15/24)
 H - a wand of confusion (29/48)
Scrolls
 b - 4 scrolls of remove curse
 h - 3 scrolls of recharging
 p - 4 scrolls of teleportation
 t - a scroll of torment
 y - a scroll of fear
 B - 2 scrolls of amnesia
 C - a scroll of fog {unknown}
 J - a scroll of noise {unknown}
Potions
 d - 2 potions of cure mutation
 m - a potion of cancellation {unknown}
 n - a potion of brilliance
 u - a potion of haste
 x - a potion of curing
Books
 K - a book of Changes

   Spells                             Type                      Level
   a - Beastly Appendage              Transmutation                1
   b - Sticks to Snakes               Transmutation                2
   c - Spider Form                    Transmutation/Poison         3
   d - Ice Form                       Ice/Transmutation            4
   e - Blade Hands                    Transmutation                5
Miscellaneous
 s - a sack of spiders
Comestibles
 f - 7 bread rations
 g - 6 fruits
 l - a slice of pizza
 q - 2 beef jerkies
 z - 3 meat rations


   Skills:
 + Level 11.9 Fighting
 - Level 14.0 Polearms
 - Level 2.0 Throwing
 + Level 7.3 Armour
 - Level 7.1 Dodging
 - Level 5.4(6.9) Shields


You had 11 spell levels left.
You didn't know any spells.

Dungeon Overview and Level Annotations

Branches:
Dungeon (11/15)            Temple (1/1) D:4             Orc (0/2) D:10
   Lair: D:8-11

Altars:
Ashenzari
Cheibriados
Dithmenos
Elyvilon
Fedhas
Gozag
Hepliaklqana
Kikubaaqudgha
Makhleb
Nemelex Xobeh
Okawaru
Qazlal
Ru
Sif Muna
Trog
Uskayaw
Vehumet
Xom
Yredelemnul
Zin
The Shining One

Annotations:
D:11 Erolcha


Message History

The raiju bites you but does no damage.
The raiju bursts into living lightning!
The living lightning hits you!
* * * LOW HITPOINT WARNING * * *
The living lightning hits the raiju.
The raiju completely resists.
The living lightning hits the raiju.
The raiju completely resists.
The raiju blinks! x2; The raiju bites you but does no damage.
You hit the raiju.
The raiju is lightly wounded.
The raiju bites you but does no damage. You block the raiju's attack.
The raiju barely misses you.
Unknown command.
Unknown command.
The raiju bites you but does no damage. x2
You block the raiju's attack.
The raiju bursts into living lightning!
The living lightning hits you!
* * * LOW HITPOINT WARNING * * *
The living lightning hits you!
You die...

* ,, , ,,, * *, , , , *
* , *# , ' * * #.* , ,*
*, , .#... *, ,* # , *
#........ ,, #####. * *
. ....%..######@#,.#
.., ####...hhh.#...#..
##
.#.........h.........,
,
...............#...###.
,* .
..............##.## ,*
.. ..###.......#*#..,,
* ,* ...
.#..........#*,..# , .
....#.....### .#..
.,...##.#.....# .. *


You could see 4 raiju.

Vanquished Creatures
  A centaur warrior (D:9)
  The ghost of dngmouse the Basher, a novice MiFi of Okawaru (D:8)
  2 hill giants (D:10)
  An orc knight (Bailey)
  The ghost of Alarkh the Cleaver, a novice DsMo of Trog (D:5)
  A kobold demonologist (D:9)
  A two-headed ogre (D:8)
  5 hippogriffs
  A vampire (D:9)
  A spriggan (D:7)
  2 wyverns (D:10)
  A yak (D:10)
  2 steam dragons (D:10)
  Eustachio (D:4)
  2 insubstantial wisps (D:10)
  The ghost of Mefis the Magician, an amateur DEWz (D:3)
  Duvessa (D:4)
  8 sky beasts
  3 black bears
  A hornet zombie (D:8)
  9 orc warriors
  3 phantoms
  9 ogres
  6 centaurs
  3 ice beasts
  8 big kobolds (D:9)
  6 bullfrogs
  Dowan (D:4)
  A wyvern zombie (D:7)
  6 scorpions
  3 wights (D:6)
  7 howler monkeys
  5 electric eels (D:10)
  5 crimson imps
  2 centaur zombies
  A quasit (D:9)
  5 hounds
  2 jellies
  5 orc priests
  2 centaur skeletons
  5 bullfrog skeletons
  2 iguanas
  3 orc wizards
  7 worker ants
  A killer bee zombie (D:10)
  A hound zombie (D:8)
  15 gnolls
  7 adders
  2 shadow imps (D:9)
  An ooze (D:4)
  An adder skeleton (D:6)
  2 dart slugs
  7 leopard geckos
  50 orcs
  9 giant cockroaches
  A goblin (D:5)
  5 hobgoblins
  7 jackals
  23 kobolds
  6 quokkas
  A ball python (D:6)
  5 bats
  3 frilled lizards (D:2)
  2 jackal skeletons
  7 rats
299 creatures vanquished.

Vanquished Creatures (collateral kills)
  An orc (D:6)
  A jackal (D:6)
2 creatures vanquished.

Vanquished Creatures (others)
  An orc wizard (D:6)
  5 kobolds (Bailey)
  4 plants (D:10)
10 creatures vanquished.

Grand Total: 311 creatures vanquished

Notes
Turn   | Place    | Note
-------+----------+-------------------------------------------
     0 | D:1      | Mesmaeker13 the Merfolk Gladiator began the quest for the Orb.
     0 | D:1      | Reached XP level 1. HP: 16/16 MP: 1/1
   437 | D:1      | Reached XP level 2. HP: 23/23 MP: 2/2
   901 | D:2      | Reached skill level 5 in Polearms
   956 | D:2      | Reached XP level 3. HP: 11/28 MP: 3/3
  1676 | D:3      | Noticed Mefis's ghost (amateur DEWz)
  2008 | D:4      | Reached XP level 4. HP: 26/35 MP: 4/4
  2204 | D:4      | Reached skill level 5 in Dodging
  2204 | D:4      | Reached XP level 5. HP: 33/41 MP: 5/5
  2384 | D:4      | Reached skill level 6 in Polearms
  2521 | D:4      | Noticed Eustachio
  2720 | D:4      | Killed Eustachio
  2720 | D:4      | Reached XP level 6. HP: 26/49 MP: 6/6
  2901 | D:4      | Reached skill level 7 in Polearms
  2912 | D:4      | Found a staircase to the Ecumenical Temple.
  3161 | Temple   | Entered the Ecumenical Temple
  3423 | Temple   | Became a worshipper of Ashenzari the Shackled
  3564 | D:4      | Reached skill level 5 in Fighting
  3564 | D:4      | Reached XP level 7. HP: 50/56 MP: 7/7
  3567 | D:4      | Identified the amulet of the Harvest {Reflect rF+ SH+4} (You took it off an orc on level 4 of the Dungeon)
  3590 | D:4      | Noticed Duvessa
  3603 | D:4      | Noticed Dowan
  3606 | D:4      | Killed Duvessa
  3618 | D:4      | Killed Dowan
  3863 | D:5      | Entered Level 5 of the Dungeon
  3896 | D:5      | Reached skill level 8 in Polearms
  4280 | D:3      | Killed Mefis's ghost
  4280 | D:3      | Reached skill level 1 in Armour
  4280 | D:3      | Reached XP level 8. HP: 60/64 MP: 8/8
  5411 | D:5      | Noticed Alarkh's ghost (novice DsMo)
  5717 | D:6      | Reached skill level 9 in Polearms
  6891 | D:6      | Reached skill level 10 in Polearms
  7330 | D:6      | Reached XP level 9. HP: 42/72 MP: 9/9
  8560 | D:5      | Found an iron altar of Okawaru.
  9002 | D:7      | Reached skill level 11 in Polearms
 10219 | D:7      | Reached XP level 10. HP: 69/83 MP: 10/10
 10511 | D:7      | Reached skill level 12 in Polearms
 10511 | D:7      | Reached skill level 5 in Armour
 11222 | D:8      | Noticed dngmouse's ghost (novice MiFi)
 11440 | D:8      | Reached skill level 1 in Shields
 11564 | D:8      | Killed dngmouse's ghost
 12395 | D:5      | Killed Alarkh's ghost
 12448 | D:5      | Reached * piety under Ashenzari
 12555 | D:5      | Reached skill level 10 in Fighting
 12870 | D:10     | Entered Level 10 of the Dungeon
 13070 | D:10     | Reached skill level 13 in Polearms
 13149 | D:9      | Noticed a centaur warrior
 13168 | D:9      | Killed a centaur warrior
 13168 | D:9      | Reached XP level 11. HP: 87/91 MP: 11/11
 13229 | D:9      | Found a flagged portal.
 13311 | Bailey   | Entered a bailey
 13368 | Bailey   | Noticed an orc knight
 13404 | Bailey   | Killed an orc knight
 13648 | Bailey   | Found a burning altar of Makhleb.
 14263 | D:9      | Reached skill level 5 in Shields
 14904 | D:10     | Noticed a hill giant
 14923 | D:10     | Killed a hill giant
 15351 | D:10     | Reached skill level 14 in Polearms
 15988 | D:10     | Reached ** piety under Ashenzari
 16144 | D:10     | Noticed a hill giant
 16173 | D:10     | Killed a hill giant
 16553 | D:10     | Found a staircase to the Orcish Mines.
 16858 | D:11     | Noticed Erolcha
 17019 | D:11     | Reached XP level 12. HP: 84/102 MP: 12/12
 17048 | D:11     | Cast into level 1 of the Abyss (Erolcha)
 17050 | Abyss:1  | Found a corrupted altar of Lugonu.
 17076 | Abyss:1  | HP: 5/102 [raiju/living lightning (16)]
 17076 | Abyss:1  | Killed from afar by a raiju

Skill      XL: |  1  2  3  4  5  6  7  8  9 10 11 |
---------------+----------------------------------+-----
Polearms       | 5 6 7 8 10 11 13 14 | 14.0
Fighting       | 3 4 5 7 9 10 11 | 11.9
Dodging        | 5 6 7 |  7.1
Armour         | 1 3 4 6 7 |  7.3
Shields        | 3 5 |  5.4
Throwing       | |  2.0

Action                   |  1- 3 |  4- 6 |  7- 9 | 10-12 || total
-------------------------+-------+-------+-------+-------++-------
Melee: Trident           |   132 |   157 |   576 |   941 ||  1806
       Tailslap          |     1 |       |       |    18 ||    19
 Fire: Blowgun           |       |       |       |     4 ||     4
Throw: Throwing net      |       |     2 |     4 |     1 ||     7
Invok: Curse Item        |       |       |     2 |     2 ||     4
Evoke: Wand              |       |       |     4 |     7 ||    11
       Sack of spiders   |       |       |       |     1 ||     1
  Use: Scroll            |     3 |     1 |     7 |     6 ||    17
       Potion            |       |       |     6 |     5 ||    11
 Stab: Sleeping          |     2 |       |       |       ||     2
       Distracted        |     1 |       |       |       ||     1
       Held in net/web   |       |       |     2 |     2 ||     4
  Eat: Chunk             |     3 |     6 |    13 |    22 ||    44
       Bread ration      |       |       |     2 |       ||     2
Armor: Leather armour    |    10 |     5 |    82 |     1 ||    98
       Ring mail         |    13 |    48 |       |       ||    61
       Plate armour      |       |       |       |   299 ||   299
Dodge: Dodged            |    71 |   109 |   275 |   187 ||   642
Block: Other             |       |       |    49 |     1 ||    50
       Reflection        |       |       |     4 |    30 ||    34
       Buckler           |       |       |       |   227 ||   227
